 Dungeon Crawl Stone Soup version 0.30-a0-528-g8c47a4955b (webtiles) character file.

Game seed: 2313077210491778553

1197 vineage the Fighter (level 8, -8/65 HPs)
             Began as a Gargoyle Fighter on Dec 23, 2022.
             Mangled by Eustachio
             ... wielding the +10 dark maul {vorpal}
              (44 damage)
             ... on level 4 of the Dungeon.
             The game lasted 00:04:52 (4194 turns).

vineage the Fighter (Gargoyle Fighter)              Turns: 4194, Time: 00:04:53

Health: -8/65      AC: 16    Str: 28    XL:     8   Next: 44%
Magic:  8/8        EV: 11    Int:  9    God:
Gold:   143        SH:  6    Dex: 13    Spells: 7/7 levels left

rFire   + . .      SeeInvis +    a - +1 flail
rCold   . . .      Faith    .    c - +1 buckler
rNeg    + . .      Spirit   .    l - +1 robe of Sennij {rF+ Dex+4 SInv}
rPois   ∞          Reflect  .    (no helmet)
rElec   +          Harm     .    j - +2 cloak
rCorr   .          Rampage  .    (no gloves)
Will    .....                    (no boots)
Stlth   +                        (no amulet)
HPRegen 0.30/turn                q - +4 ring of protection
MPRegen 0.11/turn                f - +6 ring of strength

@: no status effects
A: sickness immunity, AC +5, negative energy resistance 1, electricity
resistance, torment resistance 1, petrification resistance
a: no special abilities


You were on level 4 of the Dungeon.
You visited 2 branches of the dungeon, and saw 5 of its levels.
You also visited: Sewer.

You collected 143 gold pieces.

Inventory:

Hand Weapons
 a - a +1 flail (weapon)
Armour
 b - a +0 scale mail
 c - a +1 buckler (worn)
 j - a +2 cloak (worn)
 k - a +0 pair of boots
 l - the +1 robe of Sennij (worn) {rF+ Dex+4 SInv}
   (You found it on level 4 of the Dungeon)

   Dex:       It affects your dexterity (+4).
   rF:        It protects you from fire.
   SInv:      It lets you see invisible.
Jewellery
 f - a +6 ring of strength (right hand)
 g - a ring of positive energy
 i - a ring of protection from cold
 q - a +4 ring of protection (left hand)
Wands
 m - a wand of mindburst (3)
 n - a wand of digging (6)
 t - a wand of iceblast (8)
Scrolls
 e - a scroll of vulnerability
 o - 2 scrolls of enchant armour
 r - a scroll of fog
 s - a scroll of amnesia
Potions
 h - a potion of curing {unknown}
 p - a potion of cancellation {unknown}
 u - a potion of mutation {unknown}


   Skills:
 + Level 14.7 Fighting
 * Level 5.4 Maces & Flails
 + Level 3.5 Armour
 + Level 0.6 Dodging
 + Level 3.5 Shields


You had 7 spell levels left.
You didn't know any spells.
Your spell library contained the following spells:

 Spells                   Type           Power      Damage    Failure   Level
 Kiss of Death            Conj/Necr      0%         2d5       47%         1
 Confusing Touch          Hex            0%         N/A       85%         3
 Dispel Undead            Necr           0%         3d6       99%         4


Dungeon Overview and Level Annotations

Branches:
Dungeon (4/15)             Temple (1/1) D:4           Sewer (visited)

Altars:
Ashenzari
Cheibriados
Dithmenos
Gozag
Hepliaklqana
Kikubaaqudgha
Makhleb
Nemelex Xobeh
Qazlal
Ru
Sif Muna
Trog
Uskayaw
Vehumet
Wu Jian
Yredelemnul
Zin
The Shining One

Shops:
D:2 ?

Annotations:
D:4 Eustachio


Innate Abilities, Weirdness & Mutations

You are immune to sickness and miasma.
Your stone body is resilient. (AC +5)
You are immune to poison.
You resist negative energy. (rN+)
You are resistant to electric shocks. (rElec)
You are resistant to unholy torment.
You are immune to petrification.


Message History

No target in view!
No target in view!
No target in view!
No target in view!
No target in view!
No target in view!
Found a +0 falchion.
A hound comes into view.
The hound barks!
Eustachio shouts!
The hound bites you but does no damage.
You barely miss the hound. You block the hound's attack.
You hit the hound.
The hound is lightly wounded.
The hound bites you but does no damage.
Eustachio mumbles some strange words.
Eustachio blinks!
The hound bites you but does no damage.
You sock the hound!
The hound is almost dead.
The hound bites you. The hound bites you but does no damage.
You sock the hound!
You kill the hound!
You closely miss Eustachio. You block Eustachio's attack.
You barely miss Eustachio.
Eustachio hits you with the +10 dark maul {vorpal}!
You barely miss Eustachio.
Eustachio gestures wildly while chanting.
You closely miss Eustachio.
Eustachio hits you with the +10 dark maul {vorpal}!
The shadow imp grinds its teeth.
The crimson imp closely misses you.
You closely miss Eustachio. Eustachio closely misses you.
The shadow imp hits you but does no damage.
The crimson imp sputters.
The crimson imp barely misses you.
You sock Eustachio!
Eustachio is moderately wounded.
Eustachio hits you with the +10 dark maul {vorpal}!!!
Ouch! That really hurt!
You die...

.... ...........#..8..#.
......#....).#..........
..... ###.).#..#........
.....####...............
#.......#.#.##<..##.##.#
#....>....#.##.#))..##.#
#..............[.[......
#.......##..............
#....5@@##.....)........
#.....55##..............
#..)....##..............
#.......##.>............
#.......##..............
#.......##..........#...
############.##.#.####..
##..##...## #.#
#..####...###.#


You could see Eustachio, a crimson imp (summoned) and 2 shadow imps.

Vanquished Creatures
  Grinder (D:4)
  The ghost of sanka the Chiller, an amateur DgIE (D:3)
  A water moccasin (Sewer)
  Duvessa (D:4)
  The ghost of Verendum the Insei, an amateur OpTm (D:3)
  Dowan (D:4)
  A hound (D:4)
  5 adders
  4 worms
  6 dart slugs
  5 orcs (D:4)
  6 bats
  5 endoplasms
  3 giant cockroaches
  6 goblins
  8 hobgoblins
  A jackal (Sewer)
  8 kobolds
  3 quokkas
  13 ball pythons
  6 frilled lizards
  4 rats
90 creatures vanquished.

Vanquished Creatures (others)
  12 plants
12 creatures vanquished.

Grand Total: 102 creatures vanquished

Notes
Turn   | Place    | Note
-------+----------+-------------------------------------------
     0 | D:1      | vineage the Gargoyle Fighter began the quest for the Orb.
     0 | D:1      | Reached XP level 1. HP: 14/14 MP: 1/1
    75 | D:1      | Reached XP level 2. HP: 17/19 MP: 2/2
   179 | D:1      | Reached XP level 3. HP: 20/24 MP: 3/3
   218 | D:1      | Reached skill level 4 in Fighting
   370 | D:1      | Found a faded altar of an unknown god.
  1307 | D:2      | Reached XP level 4. HP: 25/30 MP: 4/4
  1617 | D:2      | Found Ahaethri's Magic Scroll Shoppe.
  1932 | D:3      | Found a glowing drain.
  1955 | Sewer    | Entered a sewer
  2005 | Sewer    | Noticed a water moccasin
  2026 | Sewer    | Killed a water moccasin
  2027 | Sewer    | Reached skill level 5 in Fighting
  2027 | Sewer    | Reached XP level 5. HP: 31/35 MP: 5/5
  2292 | D:3      | Found a runed translucent gate.
  2294 | D:3      | Found a runed translucent gate.
  2331 | D:3      | Found a runed translucent gate.
  2332 | D:3      | Noticed sanka's ghost (amateur DgIE)
  2332 | D:3      | Noticed Verendum's ghost (amateur OpTm)
  2558 | D:3      | Killed sanka's ghost
  2559 | D:3      | Reached XP level 6. HP: 22/41 MP: 6/6
  2562 | D:3      | Killed Verendum's ghost
  2563 | D:3      | Reached skill level 6 in Fighting
  2563 | D:3      | Reached skill level 5 in Maces & Flails
  2647 | D:3      | Reached skill level 14 in Fighting
  2647 | D:3      | Reached XP level 7. HP: 60/60 MP: 7/7
  2683 | D:4      | Noticed Dowan
  2708 | D:4      | Killed Dowan
  2709 | D:4      | Reached XP level 8. HP: 50/65 MP: 8/8
  2716 | D:4      | Identified the +1 robe of Sennij {rF+ Dex+4 SInv}
  2750 | D:4      | Noticed Duvessa
  2767 | D:4      | HP: 1/65 [Duvessa/+0 short sword (9)]
  2769 | D:4      | Killed Duvessa
  2799 | D:4      | Noticed Eustachio
  3094 | D:4      | Noticed Grinder
  3096 | D:4      | Paralysed by Grinder for 2 turns
  3319 | D:4      | Paralysed by Grinder for 5 turns
  3331 | D:4      | Paralysed by Grinder for 2 turns
  3336 | D:4      | Killed Grinder
  3683 | D:4      | Found a staircase to the Ecumenical Temple.
  3692 | Temple   | Entered the Ecumenical Temple
  4194 | D:4      | Mangled by Eustachio

Illustrated notes

Levels and vault maps discovered:
D:1:      spicycebolla_green_bress_n_ham_2, layout_loops_ring, serial_glass,
          glass_columns_a, glass_columns_c, shapermc_ecumenical_altar_acropolis,
          chequers_big_river, grunt_decor_junction, kennysheep_nondescript
D:2:      layout_basic, serial_shops, shop, serial_rivers,
          chequers_serial_rivers_large_a, chequers_serial_rivers_large_b,
          chequers_serial_rivers_small_a, chequers_serial_rivers_micro_d,
          chequers_serial_rivers_micro_e
D:3:      layout_rooms, gammafunk_ghost_cemetery, cheibrodos_sewer_entry_sluice,
          minmay_misc_feat_square, serial_bayou_lagoon_a
D:4:      layout_rooms, minmay_temple_entry_waves, grunt_ministairs_11,
          st_stairs_7, kennysheep_generic_room_13, uniq_duvessa, uniq_eustachio,
          uniq_grinder
Temple:   compressed_dpeg_circular_temple

Skill      XL: |  1  2  3  4  5  6 |
---------------+-------------------+-----
Fighting       | 4 5 14 | 14.7
Maces & Flails | 3 4 5 |  5.4
Armour         | |  3.5
Dodging        | |  0.6
Shields        | |  3.5

Action                   |  1- 3 |  4- 6 |  7- 9 || total
-------------------------+-------+-------+-------++-------
Melee: Flail             |   110 |   115 |    92 ||   317
  Use: Scroll            |     3 |     6 |     1 ||    10
       Potion            |       |     2 |     1 ||     3
 Stab: Sleeping          |       |       |     1 ||     1
Armor: Scale mail        |    69 |    92 |    23 ||   184
       Robe              |       |       |    29 ||    29
Dodge: Dodged            |    58 |    78 |    40 ||   176
Block: Buckler           |    20 |    27 |    17 ||    64

Table legend: (Time is in decaauts)
 A = Elapsed time spent in this place.
 B = Non-inter-level travel time spent in this place.
 C = Inter-level travel time spent in this place.
 D = Time resting spent in this place.
 E = Time spent auto-exploring this place.
 F = Levels seen in this place.
 G = Mean time per level.
                   A        B        C        D        E       F      G
               +--------+--------+--------+--------+--------+-----+--------+
         Total |   4349 |   4194 |    155 |    683 |   2700 |   6 |  724.8 |
       Dungeon |   4049 |   3921 |    128 |    683 |   2509 |   4 | 1012.2 |
        Temple |    124 |     97 |     27 |      0 |     84 |   1 |  124.0 |
         Sewer |    174 |    174 |      0 |      0 |    107 |   1 |  174.0 |
               +--------+--------+--------+--------+--------+-----+--------+

Top non-repeatable levels by time:
     D:3: 1145 daAuts
     D:2: 1029 daAuts
     D:4: 987 daAuts
     D:1: 887 daAuts
   Sewer: 174 daAuts
  Temple: 124 daAuts
